Workbook
Name years_contract: [1]Kerlink!$D$5

Sheet Summary
C2: Product : | D2: IBS / DAS | J2: Tanggal P&L: | M2: 45131
C3: Status P&L | D3: Renewal
B5: Site Information | E5: Technical Information | J5: Financial Summary
B6: Site Name | D6: Plaza Indonesia Office dan Mall | E6: IBC | K6: Capex /antenna | M6: 0
B7: Address | E7: Antena PKS BM | K7: Contract Period (thn) | M7: 10
E8: Antena Asset | H8: 0 | K8: Interest rate /year | M8: =[2]IRR!F3 -> 0.1
B9: Area building | D9: Jakarta | E9: Jumlah Pole Makro | K9: Kurs 1USD | M9: 0
B10: Type of building | E10: OPENET | K10: Total Capex | M10: =SUM(IRR!G9:G10) -> 6.7472122e+08
B11: Status | D11: renewal | E11: Cable FO (Core) | H11: 0 | K11: Total Opex | M11: =IRR!L26 -> 4.377862e+09
B12: Total floor | E12: Cable FO (meter) | H12: 0 | K12: Total Revenue | M12: =IRR!L18 -> 7.6530576e+09
B13: No of building tower | E13: Drop Wire (meter) | H13: 0
E14: OTHERS | K14: IRR | M14: =IRR!F45 -> 0.8971222
K15: NPV | M15: =IRR!F46 -> 1.7196644e+09
K16: EBITDA margin | M16: =IRR!F47 -> 0.4279591
K17: Payback (year) | M17: =IRR!F48 -> 1.0656528
B19: Target Achieved by Commercial: | L19: Prepared by
B20: Revenue | L20: Citra Kartika
B26: Approved by

Sheet IRR
B1: General
C2: Tax Rate | F2: 0.02
C3: Interest Rate | F3: 0.1
C4: SG&A | F4: 0.05 | G4: from Revenues
C5: BHPUSO | F5: 0 | G5: from Revenues
C6: Price Adjustment after 5 years | F6: 0.15
C7: Monthly Charge
G8: Y1
B9: Total CAPEX | E9: DAS BV PIO 31Des2023 | G9: 2.2336416e+08
E10: DAS BV PISC 31Des2023 | G10: 4.5135706e+08
G11: 2024 | H11: 2025 | I11: 2026 | J11: 2027 | K11: 2028
B12: IRR Calculation | G12: Year 1 | H12: Year 2 | I12: Year 3 | J12: Year 4 | K12: Year 5 | L12: Total | O12: Cash flow | P12: amount | Q12: Desc
B13: Months of Service | G13: 12 | H13: 12 | I13: 12 | J13: 12 | K13: 12 | O13: Capex per HC | P13: =G9 -> 2.2336416e+08 | Q13: Jasa + ONT
O14: Opex | P14: =L21 -> 3.8265288e+09 | Q14: 20% Rev share to BM
B15: Revenues | P15: =L22+L23+L24+L25 -> 5.5133319e+08 | Q15: OPEX
D16: PI Mall | G16: =REVENUE!N3 -> 1.1973357e+09 | H16: =G16 -> 1.1973357e+09 | I16: =H16 -> 1.1973357e+09 | J16: =I16 -> 1.1973357e+09 | K16: =J16 -> 1.1973357e+09 | L16: =SUM(G16:K16) -> 5.9866787e+09
D17: Office | G17: =REVENUE!N2 -> 3.3327579e+08 | H17: =G17 -> 3.3327579e+08 | I17: =H17 -> 3.3327579e+08 | J17: =I17 -> 3.3327579e+08 | K17: =J17 -> 3.3327579e+08 | L17: =SUM(G17:K17) -> 1.666379e+09 | O17: Revenue | P17: =L18 -> 7.6530576e+09 | Q17: Average price of subs
B18: Total Revenues | G18: =SUM(G16:G17) -> 1.5306115e+09 | H18: =SUM(H16:H17) -> 1.5306115e+09 | I18: =SUM(I16:I17) -> 1.5306115e+09 | J18: =SUM(J16:J17) -> 1.5306115e+09 | K18: =SUM(K16:K17) -> 1.5306115e+09 | L18: =SUM(G18:K18) -> 7.6530576e+09
O19: IRR | Q19: =F45 -> 0.8971222
B20: OPEX | O20: NPV | Q20: =F46 -> 1.7196644e+09
C21: Share to BM | E21: 0.5 | G21: =$E$21*G18 -> 7.6530576e+08 | H21: =$E$21*H18 -> 7.6530576e+08 | I21: =$E$21*I18 -> 7.6530576e+08 | J21: =$E$21*J18 -> 7.6530576e+08 | K21: =$E$21*K18 -> 7.6530576e+08 | L21: =SUM(G21:K21) -> 3.8265288e+09 | O21: EBITDA margin | Q21: =F47 -> 0.4279591
C22: Electricity | E22: 0.03 | L22: =SUM(G22:K22) -> 0 | O22: Payback | Q22: =F48 -> 1.0656528
C23: Maintanace | E23: 0.05 | G23: =($G$9+$G$10)*$E$23 -> 33736061 | H23: =($G$9+$G$10)*$E$23 -> 33736061 | I23: =($G$9+$G$10)*$E$23 -> 33736061 | J23: =($G$9+$G$10)*$E$23 -> 33736061 | K23: =($G$9+$G$10)*$E$23 -> 33736061 | L23: =SUM(G23:K23) -> 1.6868031e+08
C24: BHP | E24: 0.0175 | L24: =SUM(G24:K24) -> 0
C25: SG&A | E25: 0.05 | G25: =G18*$F$4 -> 76530576 | H25: =H18*$F$4 -> 76530576 | I25: =I18*$F$4 -> 76530576 | J25: =J18*$F$4 -> 76530576 | K25: =K18*$F$4 -> 76530576 | L25: =SUM(G25:K25) -> 3.8265288e+08
B26: Total OPEX | G26: =SUM(G21:G25) -> 8.755724e+08 | H26: =SUM(H21:H25) -> 8.755724e+08 | I26: =SUM(I21:I25) -> 8.755724e+08 | J26: =SUM(J21:J25) -> 8.755724e+08 | K26: =SUM(K21:K25) -> 8.755724e+08 | L26: =SUM(L21:L25) -> 4.377862e+09
B27: Total EBITDA | G27: =G18-G26 -> 6.5503913e+08 | H27: =H18-H26 -> 6.5503913e+08 | I27: =I18-I26 -> 6.5503913e+08 | J27: =J18-J26 -> 6.5503913e+08 | K27: =K18-K26 -> 6.5503913e+08 | L27: =L18-L26 -> 3.2751956e+09
B28: Ebitda margin | G28: =G27/G18 -> 0.4279591 | H28: =H27/H18 -> 0.4279591 | I28: =I27/I18 -> 0.4279591 | J28: =J27/J18 -> 0.4279591 | K28: =K27/K18 -> 0.4279591 | L28: =L27/L18 -> 0.4279591
B30: Depreciation Expense | G30: =G56 -> 1.3494424e+08 | H30: =H56 -> 1.3494424e+08 | I30: =I56 -> 1.3494424e+08 | J30: =J56 -> 1.3494424e+08 | K30: =K56 -> 1.3494424e+08 | L30: =SUM(G30:K30) -> 6.7472122e+08
B32: Total EBIT | G32: =G27-G30 -> 5.2009488e+08 | H32: =H27-H30 -> 5.2009488e+08 | I32: =I27-I30 -> 5.2009488e+08 | J32: =J27-J30 -> 5.2009488e+08 | K32: =K27-K30 -> 5.2009488e+08 | L32: =L27-L30 -> 2.6004744e+09
B34: Interest Expense | G34: =PARAMETER!B5 -> 11168208 | H34: =PARAMETER!C5 -> 20102774 | I34: =PARAMETER!D5 -> 15635491 | J34: =PARAMETER!E5 -> 11168208 | K34: =PARAMETER!F5 -> 6700924.7 | L34: =SUM(G34:K34) -> 64775606
B36: EBT | G36: =G32-G34 -> 5.0892667e+08 | H36: =H32-H34 -> 4.9999211e+08 | I36: =I32-I34 -> 5.0445939e+08 | J36: =J32-J34 -> 5.0892667e+08 | K36: =K32-K34 -> 5.1339396e+08 | L36: =SUM(G36:K36) -> 2.5356988e+09
B37: Tax Expense | G37: =IF(G36<0,0,G36*$F$2) -> 10178533 | H37: =IF(H36<0,0,H36*$F$2) -> 9999842.1 | I37: =IF(I36<0,0,I36*$F$2) -> 10089188 | J37: =IF(J36<0,0,J36*$F$2) -> 10178533 | K37: =IF(K36<0,0,K36*$F$2) -> 10267879 | L37: =SUM(G37:K37) -> 50713976
B39: Net Income | G39: =G36-G37 -> 4.9874814e+08 | H39: =H36-H37 -> 4.8999226e+08 | I39: =I36-I37 -> 4.943702e+08 | J39: =J36-J37 -> 4.9874814e+08 | K39: =K36-K37 -> 5.0312608e+08 | L39: =L36-L37 -> 2.4849848e+09
B41: Capex | F41: =-G9+-G10 -> -6.7472122e+08 | G41: =-H7+-H8 -> 0 | H41: =-I7+-I8 -> 0 | I41: =-J7+-J8 -> 0 | J41: =-K7+-K8 -> 0 | K41: =-L7+-L8 -> 0
B42: FCFF | F42: =F41 -> -6.7472122e+08 | G42: =G41+G39+G30 -> 6.3369238e+08 | H42: =H41+H39+H30 -> 6.2493651e+08 | I42: =I41+I39+I30 -> 6.2931445e+08 | J42: =J41+J39+J30 -> 6.3369238e+08 | K42: =K41+K39+K30 -> 6.3807032e+08
B43: Accumulated FCF | F43: =F42 -> -6.7472122e+08 | G43: =F43+G42 -> -41028836 | H43: =G43+H42 -> 5.8390767e+08 | I43: =H43+I42 -> 1.2132221e+09 | J43: =I43+J42 -> 1.8469145e+09 | K43: =J43+K42 -> 2.4849848e+09
B44: PBP | G44: =IF(AND(F43<0,G43>0),G49-(G43/G42),0) -> 0 | H44: =IF(AND(G43<0,H43>0),H49-(H43/H42),0) -> 1.0656528 | I44: =IF(AND(H43<0,I43>0),I49-(I43/I42),0) -> 0 | J44: =IF(AND(I43<0,J43>0),J49-(J43/J42),0) -> 0 | K44: =IF(AND(J43<0,K43>0),K49-(K43/K42),0) -> 0
B45: IRR | F45: =IRR(F42:K42) -> 0.8971222
B46: NPV | F46: =NPV(F3,G42:K42)+F42 -> 1.7196644e+09
B47: EBITDA margin | F47: =L28 -> 0.4279591
B48: Payback | F48: =SUM(F44:K44) -> 1.0656528
G49: 1 | H49: 2 | I49: 3 | J49: 4 | K49: 5
B50: Depreciation Calculation | E50: no of Year depreciated | G50: =G12 -> Year 1 | H50: =H12 -> Year 2 | I50: =I12 -> Year 3 | J50: =J12 -> Year 4 | K50: =K12 -> Year 5
D51: Year 1 | E51: 5 | G51: =SUM(G9:G10)/$E51 -> 1.3494424e+08 | H51: =G51 -> 1.3494424e+08 | I51: =H51 -> 1.3494424e+08 | J51: =I51 -> 1.3494424e+08 | K51: =J51 -> 1.3494424e+08
D52: Year 3 | E52: 4 | H52: =I$9/$E52 -> 0 | J52: =H52 -> 0 | K52: =J52 -> 0
D53: Year 4 | E53: 3 | I53: =J$8/$E53 -> 0 | K53: =I53 -> 0
D54: Year 5 | E54: 2
D55: Year 6 | E55: 1
B56: Total Depreciation | G56: =SUM(G51:G51) -> 1.3494424e+08 | H56: =SUM(H51:H51) -> 1.3494424e+08 | I56: =SUM(I51:I51) -> 1.3494424e+08 | J56: =SUM(J51:J51) -> 1.3494424e+08 | K56: =SUM(K51:K51) -> 1.3494424e+08 | L56: =SUM(G56:K56) -> 6.7472122e+08

Sheet Rev
A1: No | B1: Nama Bulan | C1: Total Pelanggan Paket | E1: Total Revenue Paket | G1: Rata -Rata Pelanggan
C2: Oxygen Mall | D2: Oxygen Soho | E2: Oxygen Mall | F2: Oxygen Soho | G2: Oxygen Mall | H2: Oxygen Soho
A4: 1 | B4: 44927 | C4: 1374 | D4: 67 | E4: 213403834 | F4: 58501364 | G4: 155316 | H4: 873155 | I4: 155.316 | K4: =E4/C4 -> 155315.75 | L4: =F4/D4 -> 873154.69
A5: 2 | B5: 44958 | C5: 1378 | D5: 63 | E5: 202499075 | F5: 53782493 | G5: 146951 | H5: 853690 | I5: 146.951
A6: 3 | B6: 44986 | C6: 1392 | D6: 66 | E6: 215069899 | F6: 54887792 | G6: 154504 | H6: 831633 | I6: 154.504
A7: 4 | B7: 45017 | C7: 1406 | D7: 62 | E7: 214743473 | F7: 49398507 | G7: 152734 | H7: 796750 | I7: 152.734
A8: 5 | B8: Mei 23 | C8: 1400 | D8: 68 | E8: 238432030 | F8: 55954670 | G8: 170309 | H8: 822863 | I8: 170.309
A9: 6 | B9: 45078 | C9: 1416 | D9: 66 | E9: 232466487 | F9: 54391364 | G9: 164171 | H9: 824112 | I9: 164.171
A11: TOTAL | C11: 8.366 | D11: 392 | E11: 1.316.614.798 | F11: 326.916.190 | G11: 943.985 | H11: 5.002.203

Sheet BOQ
D9: Summary Cost Tarikan Kabel
D11: Cabling - Office Tower - 192 Tarikan | E11: =[3]OFFICE!H20 -> 336260000
D12: Cabling - Mall/Shopping Center - 340 Tarikan | E12: =[3]MALL!H20 -> 694400000
D13: Switch - Tower - 12 Unit Pluss Accessories | E13: =[3]OFFICE!H14 -> 255750000
D14: Switch - Mall/Shopping Center - 21 Unit Plus Accessories | E14: =[3]MALL!H14 -> 509250000
E15: =SUM(E11:E14) -> 1795660000

Sheet REVENUE
B1: Jan | C1: Feb | D1: Mar | E1: Apr | F1: May | G1: Jun | H1: Jul | I1: Aug | J1: Sep | K1: Oct | L1: Nov | M1: Dec | N1: Total
A2: PISC | B2: ='PI Shopping Center'!O85 -> 20861510 | C2: ='PI Shopping Center'!P85 -> 22498376 | D2: ='PI Shopping Center'!Q85 -> 25480865 | E2: ='PI Shopping Center'!R85 -> 25984090 | F2: ='PI Shopping Center'!S85 -> 27157478 | G2: ='PI Shopping Center'!T85 -> 27584090 | H2: ='PI Shopping Center'!U85 -> 27859090 | I2: ='PI Shopping Center'!V85 -> 27859090 | ... M2: ='PI Shopping Center'!Z85 -> 32709090 | N2: =SUM(B2:M2) -> 3.3327579e+08
A3: Paza Office | B3: ='The Plaza Office'!O77 -> 91712500 | C3: ='The Plaza Office'!P77 -> 91712500 | D3: ='The Plaza Office'!Q77 -> 91712500 | E3: ='The Plaza Office'!R77 -> 91712500 | F3: ='The Plaza Office'!S77 -> 91306048 | G3: ='The Plaza Office'!T77 -> 93652500 | H3: ='The Plaza Office'!U77 -> 1.0322704e+08 | I3: ='The Plaza Office'!V77 -> 108460030 | ... M3: ='The Plaza Office'!Z77 -> 108460030 | N3: =SUM(B3:M3) -> 1.1973357e+09
A4: Total | B4: =SUM(B2:B3) -> 1.1257401e+08 | C4: =SUM(C2:C3) -> 1.1421088e+08 | D4: =SUM(D2:D3) -> 1.1719336e+08 | E4: =SUM(E2:E3) -> 1.1769659e+08 | F4: =SUM(F2:F3) -> 1.1846353e+08 | G4: =SUM(G2:G3) -> 1.2123659e+08 | H4: =SUM(H2:H3) -> 1.3108613e+08 | I4: =SUM(I2:I3) -> 1.3631912e+08 | ... N4: =SUM(N2:N3) -> 1.5306115e+09

Sheet PI Shopping Center
A1: No | B1: ISP | C1: CID/SO | D1: Nama Tenant | E1: Nama Toko | F1: Lantai | G1: No Unit | H1: WO Release | I1: Tgl On Service | J1: Jenis Paket | K1: Harga | L1: Tanggal Dismantle | M1: Biaya Installasi | N1: Keterangan | O1: Jan | P1: Feb | Q1: Mar | R1: Apr | S1: May | T1: Jun | U1: Jul | V1: Aug | W1: Sep | X1: Oct | Y1: Nov | Z1: Dec | AA1: Total
A2: 1 | B2: BALI FIBER | D2: PT. Christian Louboutin | E2: Louboutin | F2: 1 | G2: 8-9 | H2: - | I2: 43347 | J2: Infinylink 24 & 25 Mbps | K2: 14000000 | L2: 43832 | M2: 5000000
A3: 2 | B3: BALI FIBER | D3: PT. Central Mega Kencana (Miss Mondial) | E3: Miss Mondial | F3: 3 | G3: 122A | H3: 43356 | I3: 43466 | J3: Smartlink 25 Mbps | K3: 750000 | L3: 44913 | M3: 1000000 | N3: Dismantle dikarenakan perangkat customer tidak bisa di remote dengan menggunakan layanan Bali Fiber, sehingga customer menggunakan provider lain
A4: 3 | B4: BALI FIBER | D4: PT. Optik Tunggal Sempurna | E4: Optik Tunggal | F4: 3 | G4: 93-94A | H4: 43361 | I4: 43378 | J4: Smartlink 25 Mbps | K4: 750000 | M4: 1000000 | O4: =$K4/2 -> 375000 | P4: =$K4/2 -> 375000 | Q4: =$K4/2 -> 375000 | R4: =$K4/2 -> 375000 | S4: =$K4/2 -> 375000 | T4: =$K4/2 -> 375000 | U4: =$K4/2 -> 375000 | V4: =$K4/2 -> 375000 | ... Z4: =$K4/2 -> 375000 | AA4: =SUM(O4:Z4) -> 4500000
A5: 4 | B5: BALI FIBER | D5: Sushi Tei Indonesia | E5: Sushi Tei Indonesia | F5: 3 | G5: 118C | H5: 43413 | I5: 43440 | J5: Smartlink 25 Mbps | K5: 750000 | L5: 43893 | M5: 1000000
A6: 5 | B6: BALI FIBER | D6: PT Harlan Holden Indonesia | E6: PT Harlan Holden Indonesia | F6: 2 | H6: 43588 | J6: Smartlink 25 Mbps | K6: 750000 | M6: 1000000 | N6: Info Hold By AM 13 agust 2019
A7: 6 | B7: BALI FIBER | D7: PT Lestari Muda Hidup | E7: Counter Make Up Forever | F7: 2 | G7: 40 | H7: 43629 | I7: 43649 | J7: Infinylink 15 & 3 Mbps | K7: 2000000 | M7: 5000000 | O7: =$K7/2 -> 1000000 | P7: =$K7/2 -> 1000000 | Q7: =$K7/2 -> 1000000 | R7: =$K7/2 -> 1000000 | S7: =$K7/2 -> 1000000 | T7: =$K7/2 -> 1000000 | U7: =$K7/2 -> 1000000 | V7: =$K7/2 -> 1000000 | ... Z7: =$K7/2 -> 1000000 | AA7: =SUM(O7:Z7) -> 12000000
A8: 7 | B8: BALI FIBER | D8: PT GIORDANO INDONESIA | E8: Nike | F8: 4 | G8: B28 | H8: 43672 | I8: 43686 | J8: Smartlink 50 Mbps | K8: 750000 | L8: 44166 | M8: 1000000
A9: 8 | B9: BALI FIBER | D9: PT Kolaborasi Global Sukses | E9: Go Work | F9: 5 | H9: 43684 | I9: 43684 | J9: Smartlink 250 Mbps | K9: 5500000 | L9: 44895 | M9: 1000000 | N9: Dsimantle MAR 2023
A10: 9 | B10: BALI FIBER | D10: PT Champ Resto Indonesia | E10: Chopstik | F10: L | G10: A39 | H10: 43769 | I10: 43787 | J10: Smartlink 5 Mbps | K10: 350000 | M10: 1000000 | O10: =$K10/2 -> 175000 | P10: =$K10/2 -> 175000 | Q10: =$K10/2 -> 175000 | R10: =$K10/2 -> 175000 | S10: =$K10/2 -> 175000 | T10: =$K10/2 -> 175000 | U10: =$K10/2 -> 175000 | V10: =$K10/2 -> 175000 | ... Z10: =$K10/2 -> 175000 | AA10: =SUM(O10:Z10) -> 2100000
A11: 10 | B11: BALI FIBER | D11: PT Lestari Muda Hidup | H11: 43836 | I11: 43849 | J11: Smartlink 10 Mbps | K11: 850000 | L11: 44954 | M11: 1000000 | N11: Dismantle dikarenakan boutique tutup | O11: =(28/31*K11)/2 -> 383870.97 | AA11: =SUM(O11:Z11) -> 383870.97
A12: 11 | B12: BALI FIBER | D12: PT. Atmos Isvara Ritelindo | H12: 43853 | I12: 43858 | J12: Smartlink 10 Mbps | K12: 500000 | M12: 1000000 | O12: =$K12/2 -> 250000 | P12: =$K12/2 -> 250000 | Q12: =$K12/2 -> 250000 | R12: =$K12/2 -> 250000 | S12: =$K12/2 -> 250000 | T12: =$K12/2 -> 250000 | U12: =$K12/2 -> 250000 | V12: =$K12/2 -> 250000 | ... Z12: =$K12/2 -> 250000 | AA12: =SUM(O12:Z12) -> 3000000
A13: 12 | B13: BALI FIBER | D13: PT. Graha Citra Prima (Store Gucci) | F13: GF | H13: 43868 | I13: 43889 | J13: Smartlink 10 Mbps | K13: 500000 | M13: 500000 | O13: =$K13/2 -> 250000 | P13: =$K13/2 -> 250000 | Q13: =$K13/2 -> 250000 | R13: =$K13/2 -> 250000 | S13: =$K13/2 -> 250000 | T13: =$K13/2 -> 250000 | U13: =$K13/2 -> 250000 | V13: =$K13/2 -> 250000 | ... Z13: =$K13/2 -> 250000 | AA13: =SUM(O13:Z13) -> 3000000
A14: 13 | B14: BALI FIBER | D14: PT. Graha Citra Prima (Store Balenciaga) | F14: GF | H14: 43868 | I14: 43887 | J14: Smartlink 10 Mbps | K14: 500000 | M14: 500000 | O14: =$K14/2 -> 250000 | P14: =$K14/2 -> 250000 | Q14: =$K14/2 -> 250000 | R14: =$K14/2 -> 250000 | S14: =$K14/2 -> 250000 | T14: =$K14/2 -> 250000 | U14: =$K14/2 -> 250000 | V14: =$K14/2 -> 250000 | ... Z14: =$K14/2 -> 250000 | AA14: =SUM(O14:Z14) -> 3000000
A15: 14 | B15: BALI FIBER | D15: PT. Graha Citra Prima (Store Bottega Veneta) | F15: GF | H15: 43868 | I15: 43889 | J15: Smartlink 10 Mbps | K15: 500000 | M15: 500000 | O15: =$K15/2 -> 250000 | P15: =$K15/2 -> 250000 | Q15: =$K15/2 -> 250000 | R15: =$K15/2 -> 250000 | S15: =$K15/2 -> 250000 | T15: =$K15/2 -> 250000 | U15: =$K15/2 -> 250000 | V15: =$K15/2 -> 250000 | ... Z15: =$K15/2 -> 250000 | AA15: =SUM(O15:Z15) -> 3000000
A16: 15 | B16: BALI FIBER | D16: PT. Graha Citra Prima ((Store Saint Laurent) | F16: GF | H16: 43868 | I16: 43887 | J16: Smartlink 10 Mbps | K16: 500000 | M16: 500000 | O16: =$K16/2 -> 250000 | P16: =$K16/2 -> 250000 | Q16: =$K16/2 -> 250000 | R16: =$K16/2 -> 250000 | S16: =$K16/2 -> 250000 | T16: =$K16/2 -> 250000 | U16: =$K16/2 -> 250000 | V16: =$K16/2 -> 250000 | ... Z16: =$K16/2 -> 250000 | AA16: =SUM(O16:Z16) -> 3000000
A17: 16 | B17: BALI FIBER | D17: PT. Graha Citra Prima (Store Burberry) | F17: GF | H17: 43868 | I17: 43888 | J17: Smartlink 10 Mbps | K17: 500000 | M17: 500000 | O17: =$K17/2 -> 250000 | P17: =$K17/2 -> 250000 | Q17: =$K17/2 -> 250000 | R17: =$K17/2 -> 250000 | S17: =$K17/2 -> 250000 | T17: =$K17/2 -> 250000 | U17: =$K17/2 -> 250000 | V17: =$K17/2 -> 250000 | ... Z17: =$K17/2 -> 250000 | AA17: =SUM(O17:Z17) -> 3000000
A18: 17 | B18: BALI FIBER | D18: PT. Adi Reka Mapras Sampurna | E18: Batavorum Barberia | F18: 5 | H18: 43871 | I18: 43879 | J18: Smartlink 25 Mbps | K18: 750000 | M18: 1000000 | O18: =$K18/2 -> 375000 | P18: =$K18/2 -> 375000 | Q18: =$K18/2 -> 375000 | R18: =$K18/2 -> 375000 | S18: =$K18/2 -> 375000 | T18: =$K18/2 -> 375000 | U18: =$K18/2 -> 375000 | V18: =$K18/2 -> 375000 | ... Z18: =$K18/2 -> 375000 | AA18: =SUM(O18:Z18) -> 4500000
A19: 18 | B19: BALI FIBER | D19: PT Asharia Karya Indonesia | F19: LG | H19: 43871 | I19: 43884 | J19: Smartlink 25 Mbps | K19: 750000 | M19: 1000000 | O19: =$K19/2 -> 375000 | P19: =$K19/2 -> 375000 | Q19: =$K19/2 -> 375000 | R19: =$K19/2 -> 375000 | S19: =$K19/2 -> 375000 | T19: =$K19/2 -> 375000 | U19: =$K19/2 -> 375000 | V19: =$K19/2 -> 375000 | ... Z19: =$K19/2 -> 375000 | AA19: =SUM(O19:Z19) -> 4500000
A20: 19 | B20: BALI FIBER | D20: 3 Mongkis | F20: 4 | H20: 43875 | I20: 43883 | J20: Smartlink 25 Mbps | K20: 750000 | M20: 1000000 | O20: =$K20/2 -> 375000 | P20: =$K20/2 -> 375000 | Q20: =$K20/2 -> 375000 | R20: =$K20/2 -> 375000 | S20: =$K20/2 -> 375000 | T20: =$K20/2 -> 375000 | U20: =$K20/2 -> 375000 | V20: =$K20/2 -> 375000 | ... Z20: =$K20/2 -> 375000 | AA20: =SUM(O20:Z20) -> 4500000
A21: 20 | B21: BALI FIBER | D21: PT Harlan Holden Indonesia | E21: Harlan Store | F21: 2 | H21: 43887 | J21: Smartlink 25 Mbps | K21: 750000 | M21: 1000000 | N21: cancel
A22: 21 | B22: BALI FIBER | D22: PT Dharaya Anugerah Lestari | E22: Agabang Gallery | F22: 3 | H22: 43913 | I22: 44007 | J22: Smartlink 10 Mbps | K22: 500000 | M22: 500000 | O22: =$K22/2 -> 250000 | P22: =$K22/2 -> 250000 | Q22: =$K22/2 -> 250000 | R22: =$K22/2 -> 250000 | S22: =$K22/2 -> 250000 | T22: =$K22/2 -> 250000 | U22: =$K22/2 -> 250000 | V22: =$K22/2 -> 250000 | ... Z22: =$K22/2 -> 250000 | AA22: =SUM(O22:Z22) -> 3000000
A23: 22 | B23: BALI FIBER | D23: PT Feel Buy Indonesia | E23: Lock & Lock | F23: LB | G23: 51 | H23: 43937 | I23: 44012 | J23: Smartlink 10 Mbps | K23: 500000 | M23: 1000000 | O23: =$K23/2 -> 250000 | P23: =$K23/2 -> 250000 | Q23: =$K23/2 -> 250000 | R23: =$K23/2 -> 250000 | S23: =$K23/2 -> 250000 | T23: =$K23/2 -> 250000 | U23: =$K23/2 -> 250000 | V23: =$K23/2 -> 250000 | ... Z23: =$K23/2 -> 250000 | AA23: =SUM(O23:Z23) -> 3000000
A24: 23 | B24: BALI FIBER | D24: PT. Mitra Aditya Parama | E24: PT. Mitra Aditya Parama | F24: L2 | G24: E012A, E013 | H24: 44070 | J24: Infinylink 10 Mbps | K24: 3000000 | M24: 2500000 | N24: Holdy by Customer
A25: 24 | B25: BALI FIBER | D25: PT Sinergi Insani Primalink | E25: occitane | F25: L3 | H25: 44084 | I25: 44091 | J25: Smartlink 5 Mbps | K25: 500000 | M25: 1000000 | O25: =$K25/2 -> 250000 | P25: =$K25/2 -> 250000 | Q25: =$K25/2 -> 250000 | R25: =$K25/2 -> 250000 | S25: =$K25/2 -> 250000 | T25: =$K25/2 -> 250000 | U25: =$K25/2 -> 250000 | V25: =$K25/2 -> 250000 | ... Z25: =$K25/2 -> 250000 | AA25: =SUM(O25:Z25) -> 3000000
A26: 25 | B26: BALI FIBER | D26: PT Sinergi Insani Primalink (Elemis) | F26: L1 | G26: 140 | H26: 44096 | I26: 44103 | J26: Smartlink 5 Mbps | K26: 500000 | M26: 1000000 | O26: =$K26/2 -> 250000 | P26: =$K26/2 -> 250000 | Q26: =$K26/2 -> 250000 | R26: =$K26/2 -> 250000 | S26: =$K26/2 -> 250000 | T26: =$K26/2 -> 250000 | U26: =$K26/2 -> 250000 | V26: =$K26/2 -> 250000 | ... Z26: =$K26/2 -> 250000 | AA26: =SUM(O26:Z26) -> 3000000
A27: 26 | B27: BALI FIBER | D27: PT. Sinergi Insani Primalink | E27: Toko Venchi | F27: L1 | G27: 115 | H27: 44109 | I27: 44127 | J27: Smartlink 5 Mbps | K27: 500000 | M27: 1000000 | O27: =$K27/2 -> 250000 | P27: =$K27/2 -> 250000 | Q27: =$K27/2 -> 250000 | R27: =$K27/2 -> 250000 | S27: =$K27/2 -> 250000 | T27: =$K27/2 -> 250000 | U27: =$K27/2 -> 250000 | V27: =$K27/2 -> 250000 | ... Z27: =$K27/2 -> 250000 | AA27: =SUM(O27:Z27) -> 3000000
A28: 27 | B28: BALI FIBER | D28: PT Nusa Abadi Gemilang | E28: The Face Shop | F28: GF | G28: B-34 | H28: 44125 | I28: 44131 | J28: Smartlink 25 Mbps | K28: 750000 | L28: 45054 | M28: 1000000 | N28: Store tutup - Temporary store (Input in W25) | O28: =$K28/2 -> 375000 | P28: =$K28/2 -> 375000 | Q28: =$K28/2 -> 375000 | R28: =$K28/2 -> 375000 | S28: =((8/31)*K28)/2 -> 96774.194 | AA28: =SUM(O28:Z28) -> 1596774.2
A29: 28 | B29: BALI FIBER | D29: PT Artha Persada Kreatif | E29: Store Saturdays | F29: 4 | H29: 44168 | I29: 44173 | J29: Smartlink 10 Mbps | K29: 500000 | M29: 1000000 | O29: =$K29/2 -> 250000 | P29: =$K29/2 -> 250000 | Q29: =$K29/2 -> 250000 | R29: =$K29/2 -> 250000 | S29: =$K29/2 -> 250000 | T29: =$K29/2 -> 250000 | U29: =$K29/2 -> 250000 | V29: =$K29/2 -> 250000 | ... Z29: =$K29/2 -> 250000 | AA29: =SUM(O29:Z29) -> 3000000
A30: 29 | B30: BALI FIBER | D30: PT. Sembilan OHM Sembilan | F30: 2 | H30: 44169 | I30: 44176 | J30: Smartlink 25 Mbps | K30: 750000 | M30: 1000000 | O30: =$K30/2 -> 375000 | P30: =$K30/2 -> 375000 | Q30: =$K30/2 -> 375000 | R30: =$K30/2 -> 375000 | S30: =$K30/2 -> 375000 | T30: =$K30/2 -> 375000 | U30: =$K30/2 -> 375000 | V30: =$K30/2 -> 375000 | ... Z30: =$K30/2 -> 375000 | AA30: =SUM(O30:Z30) -> 4500000
A31: 30 | B31: BALI FIBER | D31: PT. Aktual Grup Indonesia | E31: Outside Store | F31: 4 | G31: EO027 | H31: 44221 | I31: 44224 | J31: Smartlink 25 Mbps | K31: 1250000 | M31: 700000 | O31: =$K31/2 -> 625000 | P31: =$K31/2 -> 625000 | Q31: =$K31/2 -> 625000 | R31: =$K31/2 -> 625000 | S31: =$K31/2 -> 625000 | T31: =$K31/2 -> 625000 | U31: =$K31/2 -> 625000 | V31: =$K31/2 -> 625000 | ... Z31: =$K31/2 -> 625000 | AA31: =SUM(O31:Z31) -> 7500000
A32: 31 | B32: BALI FIBER | D32: PT. Moda Perkasa Internasional | F32: 1 | G32: E010-E011 | H32: 44229 | I32: 44235 | J32: Smartlink 25 Mbps | K32: 750000 | M32: 1500000 | O32: =$K32/2 -> 375000 | P32: =$K32/2 -> 375000 | Q32: =$K32/2 -> 375000 | R32: =$K32/2 -> 375000 | S32: =$K32/2 -> 375000 | T32: =$K32/2 -> 375000 | U32: =$K32/2 -> 375000 | V32: =$K32/2 -> 375000 | ... Z32: =$K32/2 -> 375000 | AA32: =SUM(O32:Z32) -> 4500000
A33: 32 | B33: BALI FIBER | D33: PT. WORLD INNOVATIVE TELECOMMUNICATION | F33: 2 | H33: 44263 | I33: 44267 | J33: Smartlink 100 Mbps | K33: 750000 | M33: 1600000 | N33: Upgrade 26 Agustus 2022 | O33: =$K33/2 -> 375000 | P33: =$K33/2 -> 375000 | Q33: =$K33/2 -> 375000 | R33: =$K33/2 -> 375000 | S33: =$K33/2 -> 375000 | T33: =$K33/2 -> 375000 | U33: =$K33/2 -> 375000 | V33: =$K33/2 -> 375000 | ... Z33: =$K33/2 -> 375000 | AA33: =SUM(O33:Z33) -> 4500000
A34: 33 | B34: BALI FIBER | D34: CV ARTHA JAYA SEJAHTERA PANGAN | F34: LB | G34: 57 | H34: 44308 | I34: 44319 | J34: Smartlink 10 Mbps | K34: 500000 | M34: 1000000 | O34: =$K34/2 -> 250000 | P34: =$K34/2 -> 250000 | Q34: =$K34/2 -> 250000 | R34: =$K34/2 -> 250000 | S34: =$K34/2 -> 250000 | T34: =$K34/2 -> 250000 | U34: =$K34/2 -> 250000 | V34: =$K34/2 -> 250000 | ... Z34: =$K34/2 -> 250000 | AA34: =SUM(O34:Z34) -> 3000000
A35: 34 | B35: BALI FIBER | D35: BOGA MAKMUR PRIMA PLPI (PAPER LUNCH PLAZA INDONESIA) | F35: LB | H35: 44320 | I35: 44322 | J35: Smartlink 25 Mbps | K35: 750000 | M35: 1000000 | O35: =$K35/2 -> 375000 | P35: =$K35/2 -> 375000 | Q35: =$K35/2 -> 375000 | R35: =$K35/2 -> 375000 | S35: =$K35/2 -> 375000 | T35: =$K35/2 -> 375000 | U35: =$K35/2 -> 375000 | V35: =$K35/2 -> 375000 | ... Z35: =$K35/2 -> 375000 | AA35: =SUM(O35:Z35) -> 4500000
A36: 35 | B36: BALI FIBER | D36: PT KOPI ARABIKA NUSANTARA | F36: 1 | H36: 44470 | I36: 44528 | J36: Smartlink 10 Mbps | K36: 500000 | M36: 1000000 | O36: =$K36/2 -> 250000 | P36: =$K36/2 -> 250000 | Q36: =$K36/2 -> 250000 | R36: =$K36/2 -> 250000 | S36: =$K36/2 -> 250000 | T36: =$K36/2 -> 250000 | U36: =$K36/2 -> 250000 | V36: =$K36/2 -> 250000 | ... Z36: =$K36/2 -> 250000 | AA36: =SUM(O36:Z36) -> 3000000
A37: 36 | B37: BALI FIBER | D37: PT Mogems Putri International (BVGARI) | E37: (BVGARI) | F37: 1 | G37: 133, 157-158 | H37: 44473 | I37: 44477 | J37: Smartlink 25 Mbps | K37: 750000 | M37: 1000000 | O37: =$K37/2 -> 375000 | P37: =$K37/2 -> 375000 | Q37: =$K37/2 -> 375000 | R37: =$K37/2 -> 375000 | S37: =$K37/2 -> 375000 | T37: =$K37/2 -> 375000 | U37: =$K37/2 -> 375000 | V37: =$K37/2 -> 375000 | ... Z37: =$K37/2 -> 375000 | AA37: =SUM(O37:Z37) -> 4500000
A38: 37 | B38: BALI FIBER | D38: CV STEAK NASIONAL INDONESIA | F38: L5 | H38: 44481 | I38: 44540 | J38: Smartlink 25 Mbps | K38: 750000 | M38: 1000000 | O38: =$K38/2 -> 375000 | P38: =$K38/2 -> 375000 | Q38: =$K38/2 -> 375000 | R38: =$K38/2 -> 375000 | S38: =$K38/2 -> 375000 | T38: =$K38/2 -> 375000 | U38: =$K38/2 -> 375000 | V38: =$K38/2 -> 375000 | ... Z38: =$K38/2 -> 375000 | AA38: =SUM(O38:Z38) -> 4500000
A39: 38 | B39: BALI FIBER | D39: PT.PANORAMA JTB TOURS INDONESIA | F39: Basement | G39: 54 | H39: 44894 | I39: 44531 | J39: Smartlink 5 Mbps | K39: 350000 | M39: 500000 | O39: =$K39/2 -> 175000 | P39: =$K39/2 -> 175000 | Q39: =$K39/2 -> 175000 | R39: =$K39/2 -> 175000 | S39: =$K39/2 -> 175000 | T39: =$K39/2 -> 175000 | U39: =$K39/2 -> 175000 | V39: =$K39/2 -> 175000 | ... Z39: =$K39/2 -> 175000 | AA39: =SUM(O39:Z39) -> 2100000
A40: 39 | B40: BALI FIBER | D40: PT EXCELSO MULTIRASA | F40: Basement | G40: 61A | H40: 44533 | I40: 44569 | J40: Smartlink 25 Mbps | K40: 750000 | M40: 1000000 | O40: =$K40/2 -> 375000 | P40: =$K40/2 -> 375000 | Q40: =$K40/2 -> 375000 | R40: =$K40/2 -> 375000 | S40: =$K40/2 -> 375000 | T40: =$K40/2 -> 375000 | U40: =$K40/2 -> 375000 | V40: =$K40/2 -> 375000 | ... Z40: =$K40/2 -> 375000 | AA40: =SUM(O40:Z40) -> 4500000
A41: 40 | B41: BALI FIBER | D41: PT BUSANA PRIMA INTERNASIONAL | F41: 1 | H41: 44551 | I41: 44554 | J41: Infinylink 10 Mbps | K41: 2600000 | M41: - | O41: =$K41/2 -> 1300000 | P41: =$K41/2 -> 1300000 | Q41: =$K41/2 -> 1300000 | R41: =$K41/2 -> 1300000 | S41: =$K41/2 -> 1300000 | T41: =$K41/2 -> 1300000 | U41: =$K41/2 -> 1300000 | V41: =$K41/2 -> 1300000 | ... Z41: =$K41/2 -> 1300000 | AA41: =SUM(O41:Z41) -> 15600000
A42: 41 | B42: BALI FIBER | D42: Ceria Jusindo | F42: LG | H42: 44566 | I42: 44574 | J42: Smartlink 25 Mbps | K42: 750000 | M42: 1000000 | O42: =$K42/2 -> 375000 | P42: =$K42/2 -> 375000 | Q42: =$K42/2 -> 375000 | R42: =$K42/2 -> 375000 | S42: =$K42/2 -> 375000 | T42: =$K42/2 -> 375000 | U42: =$K42/2 -> 375000 | V42: =$K42/2 -> 375000 | ... Z42: =$K42/2 -> 375000 | AA42: =SUM(O42:Z42) -> 4500000
A43: 42 | B43: BALI FIBER | D43: PT ENAK JUGA INDONESIA / IKKUDO ICHI PLAZA INDONESIA | F43: Basement | H43: 44595 | I43: 44631 | J43: Smartlink 50 Mbps | K43: 1300000 | M43: 1000000 | O43: =$K43/2 -> 650000 | P43: =$K43/2 -> 650000 | Q43: =$K43/2 -> 650000 | R43: =$K43/2 -> 650000 | S43: =$K43/2 -> 650000 | T43: =$K43/2 -> 650000 | U43: =$K43/2 -> 650000 | V43: =$K43/2 -> 650000 | ... Z43: =$K43/2 -> 650000 | AA43: =SUM(O43:Z43) -> 7800000
A44: 43 | B44: BALI FIBER | D44: PT HARLAN HOLDEN COFFEE INDONESIA | F44: L2 | G44: 064B | H44: 44627 | I44: 44631 | J44: Dedicated 10 Mbps | K44: 3900000 | M44: 1000000 | O44: =$K44/2 -> 1950000 | P44: =$K44/2 -> 1950000 | Q44: =$K44/2 -> 1950000 | R44: =$K44/2 -> 1950000 | S44: =$K44/2 -> 1950000 | T44: =$K44/2 -> 1950000 | U44: =$K44/2 -> 1950000 | V44: =$K44/2 -> 1950000 | ... Z44: =$K44/2 -> 1950000 | AA44: =SUM(O44:Z44) -> 23400000
A45: 44 | B45: BALI FIBER | D45: PT Champ Resto Indonesia | F45: L1 | G45: 102G -103B -103C-103D | H45: 44693 | I45: 44712 | J45: Smartlink 25 Mbps | K45: 750000 | M45: 1000000 | O45: =$K45/2 -> 375000 | P45: =$K45/2 -> 375000 | Q45: =$K45/2 -> 375000 | R45: =$K45/2 -> 375000 | S45: =$K45/2 -> 375000 | T45: =$K45/2 -> 375000 | U45: =$K45/2 -> 375000 | V45: =$K45/2 -> 375000 | ... Z45: =$K45/2 -> 375000 | AA45: =SUM(O45:Z45) -> 4500000
A46: 45 | B46: Moratelindo | C46: 52319 | D46: PT Omega Fashindo Adiperkasa Ritel | E46: Oysho | F46: L2 | H46: 44767 | I46: 44782 | J46: Oxygen DIA MIX 5 Mbps | K46: 2750000 | M46: 1500000 | O46: =$K46/2 -> 1375000 | P46: =$K46/2 -> 1375000 | Q46: =$K46/2 -> 1375000 | R46: =$K46/2 -> 1375000 | S46: =$K46/2 -> 1375000 | T46: =$K46/2 -> 1375000 | U46: =$K46/2 -> 1375000 | V46: =$K46/2 -> 1375000 | ... Z46: =$K46/2 -> 1375000 | AA46: =SUM(O46:Z46) -> 16500000
A47: 46 | B47: Moratelindo | C47: 52799 | D47: Bank Mandiri | F47: L3 | H47: 44802 | I47: 44810 | J47: 10 Mbps MPLS-VPNIP | K47: 5818181 | M47: 2573182 | O47: =$K47/2 -> 2909090.5 | P47: =$K47/2 -> 2909090.5 | Q47: =$K47/2 -> 2909090.5 | R47: =$K47/2 -> 2909090.5 | S47: =$K47/2 -> 2909090.5 | T47: =$K47/2 -> 2909090.5 | U47: =$K47/2 -> 2909090.5 | V47: =$K47/2 -> 2909090.5 | ... Z47: =$K47/2 -> 2909090.5 | AA47: =SUM(O47:Z47) -> 34909086
A48: 47 | B48: Moratelindo | C48: 53029 | D48: PT MAP AKTIF ADI PERKASA | E48: CARTES'S STORE | F48: L2 | G48: 3 | H48: 44818 | I48: 44834 | J48: Oxygen DIA MIX 5 Mbps | K48: 2750000 | M48: 1500000 | O48: =$K48/2 -> 1375000 | P48: =$K48/2 -> 1375000 | Q48: =$K48/2 -> 1375000 | R48: =$K48/2 -> 1375000 | S48: =$K48/2 -> 1375000 | T48: =$K48/2 -> 1375000 | U48: =$K48/2 -> 1375000 | V48: =$K48/2 -> 1375000 | ... Z48: =$K48/2 -> 1375000 | AA48: =SUM(O48:Z48) -> 16500000
A49: 48 | B49: BALI FIBER | D49: PT. LOKAL HIJAU LESTARI (GREENS) | F49: 5 | H49: 44851 | I49: 45223 | J49: Smartlink 100 Mbps | K49: 2300000 | M49: 1000000 | X49: =(((31-24+1)/31)*K49)/2 -> 296774.19 | Y49: =$K49/2 -> 1150000 | Z49: =$K49/2 -> 1150000 | AA49: =SUM(O49:Z49) -> 2596774.2
A50: 49 | B50: BALI FIBER | D50: PT. ELITE GRAHA CIPTA | F50: 3 | G50: 63-64 | H50: 44858 | I50: 45227 | J50: Smartlink 50 Mbps | K50: 900000 | M50: 1000000 | X50: =(((31-28+1)/31)*K50)/2 -> 58064.516 | Y50: =$K50/2 -> 450000 | Z50: =$K50/2 -> 450000 | AA50: =SUM(O50:Z50) -> 958064.52
A51: 50 | B51: BALI FIBER | D51: PT. CITRA RASA BETAWI | F51: 5 | H51: 44936 | I51: 44942 | J51: Smartlink 25 Mbps | K51: 750000 | M51: 1000000 | O51: =(((31-16+1)/31)*K51)/2 -> 193548.39 | P51: =$K51/2 -> 375000 | Q51: =$K51/2 -> 375000 | R51: =$K51/2 -> 375000 | S51: =$K51/2 -> 375000 | T51: =$K51/2 -> 375000 | U51: =$K51/2 -> 375000 | V51: =$K51/2 -> 375000 | W51: =$K51/2 -> 375000 | ... Z51: =$K51/2 -> 375000 | AA51: =SUM(O51:Z51) -> 4318548.4
A52: 51 | B52: Moratelindo | C52: 56130 | D52: PT. Aldo Indonesia Adiperkasa Ritel | F52: 2 | H52: 44942 | I52: 44958 | J52: Oxygen DIA MIX 2 Mbps | K52: 2750000 | M52: 1500000 | P52: =(((28-1+1)/28)*K52)/2 -> 1375000 | Q52: =$K52/2 -> 1375000 | R52: =$K52/2 -> 1375000 | S52: =$K52/2 -> 1375000 | T52: =$K52/2 -> 1375000 | U52: =$K52/2 -> 1375000 | V52: =$K52/2 -> 1375000 | W52: =$K52/2 -> 1375000 | X52: =$K52/2 -> 1375000 | ... Z52: =$K52/2 -> 1375000 | AA52: =SUM(O52:Z52) -> 15125000
A53: 52 | B53: BALI FIBER | D53: PT WAHANA ANAK INDONESIA | F53: 3 | H53: 44960 | I53: 44966 | J53: Smartlink 50 Mbps | K53: 1300000 | M53: 3000000 | P53: =(((28-9+1)/28)*K53)/2 -> 464285.71 | Q53: =$K53/2 -> 650000 | R53: =$K53/2 -> 650000 | S53: =$K53/2 -> 650000 | T53: =$K53/2 -> 650000 | U53: =$K53/2 -> 650000 | V53: =$K53/2 -> 650000 | W53: =$K53/2 -> 650000 | X53: =$K53/2 -> 650000 | ... Z53: =$K53/2 -> 650000 | AA53: =SUM(O53:Z53) -> 6964285.7
A54: 53 | B54: BALI FIBER | D54: PT MEGA AKSES PERSADA - SHISEIDO | F54: 2 | H54: 44970 | I54: 44994 | J54: Metro E 20 Mbps | K54: 3000000 | M54: 1500000 | Q54: =(((31-9+1)/31)*K54)/2 -> 1112903.2 | R54: =$K54/2 -> 1500000 | S54: =$K54/2 -> 1500000 | T54: =$K54/2 -> 1500000 | U54: =$K54/2 -> 1500000 | V54: =$K54/2 -> 1500000 | W54: =$K54/2 -> 1500000 | X54: =$K54/2 -> 1500000 | Y54: =$K54/2 -> 1500000 | Z54: =$K54/2 -> 1500000 | AA54: =SUM(O54:Z54) -> 14612903
A55: 54 | B55: BALI FIBER | D55: DATA CITRA MANDIRI PT (IBOX) 1 | F55: 3 | H55: 44984 | I55: 44988 | J55: Smartlink 100 Mbps | K55: 2300000 | M55: 1000000 | Q55: =(((31-3+1)/31)*K55)/2 -> 1075806.5 | R55: =$K55/2 -> 1150000 | S55: =$K55/2 -> 1150000 | T55: =$K55/2 -> 1150000 | U55: =$K55/2 -> 1150000 | V55: =$K55/2 -> 1150000 | W55: =$K55/2 -> 1150000 | X55: =$K55/2 -> 1150000 | Y55: =$K55/2 -> 1150000 | Z55: =$K55/2 -> 1150000 | AA55: =SUM(O55:Z55) -> 11425806
A56: 55 | B56: BALI FIBER | D56: DATA CITRA MANDIRI PT (IBOX) 2 | F56: 3 | H56: 44985 | I56: 44988 | J56: Smartlink 50 Mbps | K56: 1300000 | M56: 1000000 | Q56: =(((31-3+1)/31)*K56)/2 -> 608064.52 | R56: =$K56/2 -> 650000 | S56: =$K56/2 -> 650000 | T56: =$K56/2 -> 650000 | U56: =$K56/2 -> 650000 | V56: =$K56/2 -> 650000 | W56: =$K56/2 -> 650000 | X56: =$K56/2 -> 650000 | Y56: =$K56/2 -> 650000 | Z56: =$K56/2 -> 650000 | AA56: =SUM(O56:Z56) -> 6458064.5
A57: 56 | B57: BALI FIBER | D57: GUERLAIN COSMETICS INDONESIA PT | F57: 1 | H57: 45012 | I57: Active | J57: Smartlink 25 Mbps | K57: =750000 -> 750000 | M57: 1500000
A58: 57 | B58: Moratelindo | D58: MAP AKTIF ADIPERKASA TBK PT | E58: Kids Station | F58: 3 | H58: 45043 | I58: 45054 | J58: DIA Mix 10 MBps | K58: 3750000 | M58: 1500000 | S58: =(((31-8+1)/31)*K58)/2 -> 1451612.9 | T58: =$K58/2 -> 1875000 | U58: =$K58/2 -> 1875000 | V58: =$K58/2 -> 1875000 | W58: =$K58/2 -> 1875000 | X58: =$K58/2 -> 1875000 | Y58: =$K58/2 -> 1875000 | Z58: =$K58/2 -> 1875000 | AA58: =SUM(O58:Z58) -> 14576613
A59: 58 | B59: BALI FIBER | D59: HAIRTITUDE SALON | F59: 4 | H59: 45083 | I59: 45100 | J59: Smartlink 25 Mbps | K59: =750000 -> 750000 | M59: 1000000 | T59: =(((30-23+1)/30)*K59)/2 -> 100000 | U59: =$K59/2 -> 375000 | V59: =$K59/2 -> 375000 | W59: =$K59/2 -> 375000 | X59: =$K59/2 -> 375000 | Y59: =$K59/2 -> 375000 | Z59: =$K59/2 -> 375000 | AA59: =SUM(O59:Z59) -> 2350000
A60: 59 | B60: BALI FIBER | D60: LUVITASINDO PT | E60: LOUIS VUITTON | F60: 1 | H60: 45159 | I60: 45170 | J60: 50 Mbps | K60: =6500000 -> 6500000 | M60: 2500000 | W60: =(((30-1+1)/30)*K60)/2 -> 3250000 | X60: =$K60/2 -> 3250000 | Y60: =$K60/2 -> 3250000 | Z60: =$K60/2 -> 3250000 | AA60: =SUM(O60:Z60) -> 13000000
A61: 60 | B61: BALI FIBER | D61: CENTRALINDO PERKASA INTERNASIONAL PT | E61: Cartier | F61: 1 | H61: 45160 | I61: On Installation | J61: 50 Mbps | K61: =5500000 -> 5500000 | M61: =4000000 -> 4000000
A62: 61 | B62: BALI FIBER | D62: GRANDIA PRIMATAMA SENTOSA PT | E62: Herschel Supply Company | F62: 2 | H62: 45177 | I62: On Installation | J62: 25 Mbps | K62: =650000 -> 650000 | M62: =1000000 -> 1000000
A63: 62 | B63: MORATELINDO | C63: 61605 | D63: MAP AKTIF ADIPERKASA TBK PT | E63: Planet Sports | G63: PS 89 | H63: 45159 | J63: Dedicated 10 Mbps | K63: =3750000 -> 3750000 | M63: =1500000 -> 1500000
A64: 63 | B64: MORATELINDO | C64: 61572 | D64: MAP AKTIF ADIPERKASA TBK PT | E64: New Balance | G64: NE 44 | H64: 45159 | J64: Dedicated 10 Mbps | K64: =3750000 -> 3750000 | M64: =1500000 -> 1500000
A65: 64 | B65: MORATELINDO | C65: 61667 | D65: MAP AKTIF ADIPERKASA TBK PT | E65: EVO | G65: PS 89 | H65: 45202 | J65: Dedicated 20 Mbps | K65: =5000000 -> 5000000 | M65: =1500000 -> 1500000
A66: 65 | B66: MORATELINDO | C66: 61719 | D66: MAP AKTIF ADIPERKASA TBK PT | E66: CONVERSE (2nd Link) | G66: CVA5 | H66: 45204 | J66: Dedicated 10 Mbps | K66: =3750000 -> 3750000 | M66: =1500000 -> 1500000
A67: 66 | B67: BALI FIBER | D67: SECURINDO PACKATAMA INDONESIA ( PLAZA INDONESIA) PT | E67: Secure Parking | F67: B2 | H67: 45204 | J67: Up To 10 Mbps | K67: =500000 -> 500000 | M67: =1500000 -> 1500000
A68: 67 | B68: BALI FIBER | D68: AURA CANTIK RETAILINDO ( BUTIK MAISON DE AURA PLAZA INDONESIA ) PT | E68: BUTIK MAISON DE AURA | F68: LB | H68: 45211 | J68: Smartlink 10 Mbps | K68: =500000 -> 500000 | M68: =250000 -> 250000
A69: 68 | B69: BALI FIBER | D69: AURA CANTIK RETAILINDO ( 4 BRAND ) PT | F69: LB | G69: 030, 030 A , 034 A , 034 B | H69: 45212 | J69: Smartlink 10 Mbps | K69: =500000 -> 500000 | M69: =250000 -> 250000
A70: 69 | B70: BALI FIBER | D70: AURA CANTIK RETAILINDO ( AMARIS ) PT | F70: 2 | G70: 047 047 A | H70: 45212 | J70: Smartlink 10 Mbps | K70: =500000 -> 500000 | M70: =250000 -> 250000
A71: 70 | B71: BALI FIBER | D71: MORNINGSOL | F71: 4 | H71: 45225 | J71: Smartlink 25 Mbps | K71: =650000 -> 650000 | M71: =1000000 -> 1000000
A72: 71 | B72: BALI FIBER | D72: INTI CITRA AGUNG PT - OPTIK MELAWAI PLAZA INDONESIA | E72: OPTIK MELAWAI | F72: 3 | H72: 45239 | J72: Smartlink 25 Mbps | K72: =750000 -> 750000 | M72: =1500000 -> 1500000
A73: 72
A74: 73
A75: 74
A76: 75
A77: 76
A78: 77
A79: 78
A80: 79
A81: 80
A82: 81
A83: 82
A84: 83
O85: =SUM(O2:O84) -> 20861510 | P85: =SUM(P2:P84) -> 22498376 | Q85: =SUM(Q2:Q84) -> 25480865 | R85: =SUM(R2:R84) -> 25984090 | S85: =SUM(S2:S84) -> 27157478 | T85: =SUM(T2:T84) -> 27584090 | U85: =SUM(U2:U84) -> 27859090 | V85: =SUM(V2:V84) -> 27859090 | ... AA85: =SUM(AA2:AA84) -> 3.3327579e+08
AA87: ='[4]The Plaza Office'!AA61+'PI Shopping Center'!AA85 -> 1.4763864e+09

Sheet The Plaza Office
A1: No | B1: ISP | C1: Nama Tenant | D1: Nama Toko | E1: Lantai | F1: No Unit | G1: WO Release | H1: Tgl On Service | I1: Jenis Paket | J1: Harga | K1: Biaya Installasi | L1: Dismantle Date | M1: Cancel Date | N1: Keterangan | O1: Jan | P1: Feb | Q1: Mar | R1: Apr | S1: May | T1: Jun | U1: Jul | V1: Aug | W1: Sep | X1: Oct | Y1: Nov | Z1: Dec | AA1: TOTAL
A2: 1 | B2: BALI FIBER | C2: PT. Avnos Global Indonesia | D2: - | E2: 40 | G2: 43347 | H2: 43466 | I2: Infinylink 25 Mbps | J2: 7000000 | K2: 5000000 | L2: 43847 | N2: Dismantle 17 Januari 2020
A3: 2 | B3: BALI FIBER | C3: PT. Itochu | E3: 25 | G3: 43347 | H3: 43497 | I3: Infinylink 25 Mbps | J3: 9500000 | K3: 5000000 | L3: 44681
A4: 3 | B4: BALI FIBER | C4: PT. Vue Restaurant Indonesia | D4: Shabu -Gen | E4: 46 | G4: 43363 | H4: 43466 | I4: Smartlink 50 Mbps | J4: 1300000 | K4: 1000000 | O4: =$J4/2 -> 650000 | P4: =$J4/2 -> 650000 | Q4: =$J4/2 -> 650000 | R4: =$J4/2 -> 650000 | S4: =$J4/2 -> 650000 | T4: =$J4/2 -> 650000 | U4: =$J4/2 -> 650000 | V4: =$J4/2 -> 650000 | ... Z4: =$J4/2 -> 650000 | AA4: =SUM(O4:Z4) -> 7800000
A5: 4 | B5: BALI FIBER | C5: PT Cona Global Indonesia | E5: 25 | G5: 43381 | I5: Infinylink 10 Mbps | J5: 4000000 | K5: 5000000 | N5: Cancel
A6: 5 | B6: BALI FIBER | C6: PT Indosat TBK | E6: 11 | G6: 43418 | H6: 43455 | I6: Leased line / Metro E 105 Mbps | J6: 17200000 | K6: 30000000 | O6: =$J6/2 -> 8600000 | P6: =$J6/2 -> 8600000 | Q6: =$J6/2 -> 8600000 | R6: =$J6/2 -> 8600000 | S6: =$J6/2 -> 8600000 | T6: =$J6/2 -> 8600000 | U6: =$J6/2 -> 8600000 | V6: =$J6/2 -> 8600000 | ... Z6: =$J6/2 -> 8600000 | AA6: =SUM(O6:Z6) -> 103200000
A7: 6 | B7: BALI FIBER | C7: PT Indosat TBK | E7: 15 | G7: 29 | H7: 43818 | I7: Leased line / Metro E 30 Mbps | J7: 8000000 | L7: 43929
A8: 7 | B8: BALI FIBER | C8: China Life | E8: 42 | F8: 28-30 | G8: 43438 | H8: 43465 | I8: Leased line / Metro E 50 Mbps | J8: 10000000 | K8: 5000000 | O8: =$J8/2 -> 5000000 | P8: =$J8/2 -> 5000000 | Q8: =$J8/2 -> 5000000 | R8: =$J8/2 -> 5000000 | S8: =$J8/2 -> 5000000 | T8: =$J8/2 -> 5000000 | U8: =$J8/2 -> 5000000 | V8: =$J8/2 -> 5000000 | ... Z8: =$J8/2 -> 5000000 | AA8: =SUM(O8:Z8) -> 60000000
A9: 8 | B9: BALI FIBER | C9: SKY Perfect JAST Corporation Jakarta Office | D9: SKY Perfect JAST Corporation Jakarta Office | E9: 9 | G9: 43476 | H9: 43507 | I9: Infinylink Local 15 Mbps / International 15 Mbps | J9: 5000000 | K9: 2000000 | O9: =$J9/2 -> 2500000 | P9: =$J9/2 -> 2500000 | Q9: =$J9/2 -> 2500000 | R9: =$J9/2 -> 2500000 | S9: =$J9/2 -> 2500000 | T9: =$J9/2 -> 2500000 | U9: =$J9/2 -> 2500000 | V9: =$J9/2 -> 2500000 | ... Z9: =$J9/2 -> 2500000 | AA9: =SUM(O9:Z9) -> 30000000
A10: 9 | B10: BALI FIBER | C10: PT UnionPay International Indonesia | E10: 45 | G10: 43490 | I10: Infinylink 20 Mbps | J10: 6000000 | K10: Free Installasi | N10: Cancel
A11: 10 | B11: BALI FIBER | C11: PT Acer Indonesia | E11: 42 | G11: 43490 | H11: 43556 | I11: Smartlink 100 Mbps | J11: 2300000 | K11: Free Installasi | O11: =$J11/2 -> 1150000 | P11: =$J11/2 -> 1150000 | Q11: =$J11/2 -> 1150000 | R11: =$J11/2 -> 1150000 | S11: =$J11/2 -> 1150000 | T11: =$J11/2 -> 1150000 | U11: =$J11/2 -> 1150000 | V11: =$J11/2 -> 1150000 | ... Z11: =$J11/2 -> 1150000 | AA11: =SUM(O11:Z11) -> 13800000
A12: 11 | B12: BALI FIBER | C12: PT Hitaya Daya Energy | D12: PT Hitaya Daya Energy | E12: 41 | F12: A1 & B2 | G12: 43504 | H12: 43549 | I12: Infinylink Local 30 Mbps / International 10 Mbps | J12: 8500000 | K12: 5000000 | L12: 44118
A13: 12 | B13: BALI FIBER | C13: PT Teknovatus Solusi Sejahtera | E13: 23 | G13: 43636 | H13: 43692 | I13: Metro E 45 Mbps | J13: 9000000 | K13: 2000000 | O13: =$J13/2 -> 4500000 | P13: =$J13/2 -> 4500000 | Q13: =$J13/2 -> 4500000 | R13: =$J13/2 -> 4500000 | S13: =$J13/2 -> 4500000 | T13: =$J13/2 -> 4500000 | U13: =$J13/2 -> 4500000 | V13: =$J13/2 -> 4500000 | ... Z13: =$J13/2 -> 4500000 | AA13: =SUM(O13:Z13) -> 54000000
A14: 13 | B14: BALI FIBER | C14: Tourism Australia | E14: 41 | G14: 43649 | H14: 43668 | I14: Infinylink Local 50 Mbps / International 50 Mbps | J14: 11875000 | K14: 2000000 | O14: =$J14/2 -> 5937500 | P14: =$J14/2 -> 5937500 | Q14: =$J14/2 -> 5937500 | R14: =$J14/2 -> 5937500 | S14: =$J14/2 -> 5937500 | T14: =$J14/2 -> 5937500 | U14: =$J14/2 -> 5937500 | V14: =$J14/2 -> 5937500 | ... Z14: =$J14/2 -> 5937500 | AA14: =SUM(O14:Z14) -> 71250000
A15: 14 | B15: BALI FIBER | C15: PT JCREAL | E15: 25 | G15: 43656 | H15: 43709 | I15: Infinylink Local 25 Mbps/International 10 Mbps | J15: 5000000 | K15: 1000000 | O15: =$J15/2 -> 2500000 | P15: =$J15/2 -> 2500000 | Q15: =$J15/2 -> 2500000 | R15: =$J15/2 -> 2500000 | S15: =$J15/2 -> 2500000 | T15: =$J15/2 -> 2500000 | U15: =$J15/2 -> 2500000 | V15: =$J15/2 -> 2500000 | ... Z15: =$J15/2 -> 2500000 | AA15: =SUM(O15:Z15) -> 30000000
A16: 15 | B16: BALI FIBER | C16: PT ORIGIN | E16: 41 | G16: 43670 | H16: 43705 | I16: Smartlink 75 Mbps | J16: 1800000 | K16: 1000000 | O16: =$J16/2 -> 900000 | P16: =$J16/2 -> 900000 | Q16: =$J16/2 -> 900000 | R16: =$J16/2 -> 900000 | S16: =$J16/2 -> 900000 | T16: =$J16/2 -> 900000 | U16: =$J16/2 -> 900000 | V16: =$J16/2 -> 900000 | ... Z16: =$J16/2 -> 900000 | AA16: =SUM(O16:Z16) -> 10800000
A17: 16 | B17: BALI FIBER | C17: PT Fortinet Singapore Limited | E17: 38 | G17: 43700 | I17: Smartlink 50 Mbps | J17: 1300000 | K17: 1000000 | N17: Cancel
A18: 17 | B18: BALI FIBER | C18: PT. Jala BerIkat Nusantara Perkasa | E18: 20 | G18: 43788 | H18: 43804 | I18: Infinylink 10 Mbps | J18: 3000000 | K18: 2000000 | L18: 44442
A19: 18 | B19: BALI FIBER | C19: PT. Indosat Tbk | D19: IBM Indonesia | E19: 16-18 | G19: 43789 | H19: 43805 | I19: Metro-E 200 Mbps | J19: 20000000 | K19: 5000000 | L19: 44672
A20: 19 | B20: BALI FIBER | C20: PT. Esa Energy | E20: 23 | G20: 43847 | H20: 43867 | I20: Smartlink 100 Mbps | J20: 2300000 | K20: 1000000 | L20: 44032
A21: 20 | B21: BALI FIBER | C21: PT Plaza Indonesia Realty | E21: 23 | G21: 43924 | H21: 43927 | I21: Infinylink 100 Mbps | J21: 12500000 | K21: 0 | AA21: =SUM(O21:Z21) -> 0
A22: 21 | B22: BALI FIBER | C22: PT. Leverate Service Indonesia - (Site 1) | D22: Area HR & Creative Strategy | E22: 40 | G22: 43965 | H22: 44004 | I22: Infinylink 60 Mbps | J22: 9000000 | K22: 0 | L22: 44592 | N22: Dismantle 31 Jan 2022
A23: 22 | B23: BALI FIBER | C23: PT. Leverate Service Indonesia - (Site 2) | D23: Area Finance & BusDev | E23: 40 | G23: 43965 | H23: 44004 | I23: Infinylink 60 Mbps | J23: 9000000 | K23: 0 | AA23: =SUM(O23:Z23) -> 0
A24: 24 | B24: BALI FIBER | C24: PT Begjosh Karya | E24: 29 | G24: 44007 | H24: 44015 | I24: Smartlink 100 Mbps | J24: 2300000 | K24: 1000000 | L24: 44468
A25: 25 | B25: BALI FIBER | C25: PT Cona Global Indonesia | E25: 25 | G25: 44078 | H25: 44085 | I25: Infinylink 10 Mbps | J25: 3200000 | K25: 2000000 | L25: 45068 | N25: Dismantle 22 Mei 23 | O25: =$J25/2 -> 1600000 | P25: =$J25/2 -> 1600000 | Q25: =$J25/2 -> 1600000 | R25: =$J25/2 -> 1600000 | S25: =(((22/31)*J25)/2) -> 1135483.9
A26: 26 | B26: BALI FIBER | C26: PT. Karya Central Bisnis | D26: Marquee | E26: 41 | G26: 44083 | H26: 44090 | I26: Infinylink 10 Mbps | J26: 4000000 | K26: 2000000 | O26: =$J26/2 -> 2000000 | P26: =$J26/2 -> 2000000 | Q26: =$J26/2 -> 2000000 | R26: =$J26/2 -> 2000000 | S26: =$J26/2 -> 2000000 | T26: =$J26/2 -> 2000000 | U26: =$J26/2 -> 2000000 | V26: =$J26/2 -> 2000000 | ... Z26: =$J26/2 -> 2000000 | AA26: =SUM(O26:Z26) -> 24000000
A27: 27 | B27: BALI FIBER | C27: PT. Karya Central Bisnis | D27: Marquee | E27: 41 | G27: 44083 | H27: 44090 | I27: Smartlink 250 Mbps | J27: 5500000 | K27: - | O27: =$J27/2 -> 2750000 | P27: =$J27/2 -> 2750000 | Q27: =$J27/2 -> 2750000 | R27: =$J27/2 -> 2750000 | S27: =$J27/2 -> 2750000 | T27: =$J27/2 -> 2750000 | U27: =$J27/2 -> 2750000 | V27: =$J27/2 -> 2750000 | ... Z27: =$J27/2 -> 2750000 | AA27: =SUM(O27:Z27) -> 33000000
A28: 28 | B28: BALI FIBER | C28: PT Cyberindo Aditama QQ | D28: PT Inggris Prima Indonesia | E28: 22 | G28: 44106 | H28: 44118 | I28: Metro E 20 Mbps | J28: 4500000 | K28: 5000000 | O28: =$J28/2 -> 2250000 | P28: =$J28/2 -> 2250000 | Q28: =$J28/2 -> 2250000 | R28: =$J28/2 -> 2250000 | S28: =$J28/2 -> 2250000 | T28: =$J28/2 -> 2250000 | U28: =$J28/2 -> 2250000 | V28: =$J28/2 -> 2250000 | ... Z28: =$J28/2 -> 2250000 | AA28: =SUM(O28:Z28) -> 27000000
A29: 29 | B29: BALI FIBER | C29: PT. Enex Trading Indonesia | D29: PT. Enex Trading Indonesia | E29: 25 | G29: 44155 | H29: 44161 | I29: Infinyink 25 Mbps | J29: 5500000 | K29: - | O29: =$J29/2 -> 2750000 | P29: =$J29/2 -> 2750000 | Q29: =$J29/2 -> 2750000 | R29: =$J29/2 -> 2750000 | S29: =$J29/2 -> 2750000 | T29: =$J29/2 -> 2750000 | U29: =$J29/2 -> 2750000 | V29: =$J29/2 -> 2750000 | ... Z29: =$J29/2 -> 2750000 | AA29: =SUM(O29:Z29) -> 33000000
A30: 30 | B30: BALI FIBER | C30: PT. Primacom Interbuana | E30: 18 | G30: 44208 | H30: 44230 | I30: Metro E 1 Mbps | J30: 3000000 | K30: 1800000 | O30: =$J30/2 -> 1500000 | P30: =$J30/2 -> 1500000 | Q30: =$J30/2 -> 1500000 | R30: =$J30/2 -> 1500000 | S30: =$J30/2 -> 1500000 | T30: =$J30/2 -> 1500000 | U30: =$J30/2 -> 1500000 | V30: =$J30/2 -> 1500000 | ... Z30: =$J30/2 -> 1500000 | AA30: =SUM(O30:Z30) -> 18000000
A31: 31 | B31: BALI FIBER | C31: PT. Indovest Panorama Busana | E31: 23 | F31: E2 | G31: 44229 | H31: 44237 | I31: Smartlink 25 Mbps | J31: 750000 | K31: 1500000 | O31: =$J31/2 -> 375000 | P31: =$J31/2 -> 375000 | Q31: =$J31/2 -> 375000 | R31: =$J31/2 -> 375000 | S31: =$J31/2 -> 375000 | T31: =$J31/2 -> 375000 | U31: =$J31/2 -> 375000 | V31: =$J31/2 -> 375000 | ... Z31: =$J31/2 -> 375000 | AA31: =SUM(O31:Z31) -> 4500000
A32: 32 | B32: MORATELINDO | C32: NTT GLOBAL (Deloitte) | E32: 32 | G32: 44309 | H32: 44354 | I32: 400Mbps | J32: 46000000 | K32: 11000000 | O32: =$J32/2 -> 23000000 | P32: =$J32/2 -> 23000000 | Q32: =$J32/2 -> 23000000 | R32: =$J32/2 -> 23000000 | S32: =$J32/2 -> 23000000 | T32: =$J32/2 -> 23000000 | U32: =$J32/2 -> 23000000 | V32: =$J32/2 -> 23000000 | ... Z32: =$J32/2 -> 23000000 | AA32: =SUM(O32:Z32) -> 276000000
A33: 33 | B33: BALI FIBER | C33: PT KARYA CENTRA BISNIS | E33: 41 | G33: 44320 | H33: 44323 | I33: Infinylink 20 Mbps | J33: 5000000 | K33: - | O33: =$J33/2 -> 2500000 | P33: =$J33/2 -> 2500000 | Q33: =$J33/2 -> 2500000 | R33: =$J33/2 -> 2500000 | S33: =$J33/2 -> 2500000 | T33: =$J33/2 -> 2500000 | U33: =$J33/2 -> 2500000 | V33: =$J33/2 -> 2500000 | ... Z33: =$J33/2 -> 2500000 | AA33: =SUM(O33:Z33) -> 30000000
A34: 34 | B34: BALI FIBER | C34: PT TIMAS SUPLINDO | E34: 39 | G34: 44349 | H34: 44412 | I34: Metro E 10 Mbps | J34: 2750000 | K34: 2000000 | O34: =$J34/2 -> 1375000 | P34: =$J34/2 -> 1375000 | Q34: =$J34/2 -> 1375000 | R34: =$J34/2 -> 1375000 | S34: =$J34/2 -> 1375000 | T34: =$J34/2 -> 1375000 | U34: =$J34/2 -> 1375000 | V34: =$J34/2 -> 1375000 | ... Z34: =$J34/2 -> 1375000 | AA34: =SUM(O34:Z34) -> 16500000
A35: 35 | B35: BALI FIBER | C35: PT Plaza Indonesia Realty | E35: 23 | G35: 44734 | H35: 44739 | I35: Infinylink 120 Mbps | J35: 10000000 | K35: 2000000 | O35: =$J35/2 -> 5000000 | P35: =$J35/2 -> 5000000 | Q35: =$J35/2 -> 5000000 | R35: =$J35/2 -> 5000000 | S35: =$J35/2 -> 5000000 | T35: =$J35/2 -> 5000000 | U35: =$J35/2 -> 5000000 | V35: =$J35/2 -> 5000000 | ... Z35: =$J35/2 -> 5000000 | AA35: =SUM(O35:Z35) -> 60000000
A36: 36 | B36: BALI FIBER | C36: PT IBM INDONESIA | E36: 18 | G36: 44393 | H36: 44427 | I36: Metro E 20 Mbps | J36: 4500000 | K36: 5000000 | O36: =$J36/2 -> 2250000 | P36: =$J36/2 -> 2250000 | Q36: =$J36/2 -> 2250000 | R36: =$J36/2 -> 2250000 | S36: =$J36/2 -> 2250000 | T36: =$J36/2 -> 2250000 | U36: =$J36/2 -> 2250000 | V36: =$J36/2 -> 2250000 | ... Z36: =$J36/2 -> 2250000 | AA36: =SUM(O36:Z36) -> 27000000
A37: 37 | B37: BALI FIBER | C37: PT IBM INDONESIA | E37: 18 | G37: 44396 | H37: 44414 | I37: Infinylink 30 Mbps | J37: 4000000 | K37: 2000000 | O37: =$J37/2 -> 2000000 | P37: =$J37/2 -> 2000000 | Q37: =$J37/2 -> 2000000 | R37: =$J37/2 -> 2000000 | S37: =$J37/2 -> 2000000 | T37: =$J37/2 -> 2000000 | U37: =$J37/2 -> 2000000 | V37: =$J37/2 -> 2000000 | ... Z37: =$J37/2 -> 2000000 | AA37: =SUM(O37:Z37) -> 24000000
A38: 38 | B38: BALI FIBER | C38: PT IBM INDONESIA | E38: 18 | G38: 44477 | H38: 44479 | I38: Infinylink 1 Mbps | J38: 1000000 | K38: 2000000 | O38: =$J38/2 -> 500000 | P38: =$J38/2 -> 500000 | Q38: =$J38/2 -> 500000 | R38: =$J38/2 -> 500000 | S38: =$J38/2 -> 500000 | T38: =$J38/2 -> 500000 | U38: =$J38/2 -> 500000 | V38: =$J38/2 -> 500000 | ... Z38: =$J38/2 -> 500000 | AA38: =SUM(O38:Z38) -> 6000000
A39: 39 | B39: BALI FIBER | C39: PT. Luvitasindo | E39: 43 | G39: 44490 | H39: 44493 | I39: Infinylink 50 Mbps | J39: 44000000 | K39: - | N39: Hanya berlangganan 20 Hari (24 Okt - 12 Nov 21) | AA39: =SUM(O39:Z39) -> 0
A40: 40 | B40: MORATELINDO | C40: PT LEVERATE SERVICES INDONESIA | E40: 40 | G40: 44553 | H40: 44585 | I40: Dedicated 150 Mbps | J40: 16800000 | K40: 2000000 | L40: Relokasi | N40: Upgrade 8 Agustus 2022
A41: 41 | B41: BALI FIBER | C41: PT MULTIARTHA PRIMA GEMILANG | E41: 29 | F41: F2 | G41: - | H41: 44492 | I41: Smartlink 100 Mbps | J41: 2300000 | K41: 1000000 | L41: 44895
A42: 42 | B42: BALI FIBER | C42: PT ANUGRAH INOVASI INDONESIA | E42: 7 | H42: 44680 | I42: Infinylink 5 Mbps | J42: 2200000 | K42: 1500000 | O42: =$J42/2 -> 1100000 | P42: =$J42/2 -> 1100000 | Q42: =$J42/2 -> 1100000 | R42: =$J42/2 -> 1100000 | S42: =$J42/2 -> 1100000 | T42: =$J42/2 -> 1100000 | U42: =$J42/2 -> 1100000 | V42: =$J42/2 -> 1100000 | ... Z42: =$J42/2 -> 1100000 | AA42: =SUM(O42:Z42) -> 13200000
A43: 43 | B43: BALI FIBER | C43: 88 JEWELLERY | E43: 20 | G43: A1 | H43: 44762 | I43: Smartlink 25 Mbps | J43: 750000 | K43: 1000000 | O43: =$J43/2 -> 375000 | P43: =$J43/2 -> 375000 | Q43: =$J43/2 -> 375000 | R43: =$J43/2 -> 375000 | S43: =$J43/2 -> 375000 | T43: =$J43/2 -> 375000 | U43: =$J43/2 -> 375000 | V43: =$J43/2 -> 375000 | ... Z43: =$J43/2 -> 375000 | AA43: =SUM(O43:Z43) -> 4500000
A44: 44 | B44: MORATELINDO | C44: Chombipar | E44: 18 | G44: 44762 | H44: 44778 | I44: Dedicated 50 Mbps | J44: 12000000 | K44: 5000000 | O44: =$J44/2 -> 6000000 | P44: =$J44/2 -> 6000000 | Q44: =$J44/2 -> 6000000 | R44: =$J44/2 -> 6000000 | S44: =$J44/2 -> 6000000 | T44: =$J44/2 -> 6000000 | U44: =$J44/2 -> 6000000 | V44: =$J44/2 -> 6000000 | ... Z44: =$J44/2 -> 6000000 | AA44: =SUM(O44:Z44) -> 72000000
A45: 45 | B45: BALI FIBER | C45: PT ANEKA BUMI PRATAMA | E45: 25 | G45: 44774 | H45: On Installation | I45: Infinylink 150 Mbps | J45: 7000000 | K45: 2000000
A46: 46 | B46: BALI FIBER | C46: PT TELTONIKA IOT INDONESIA | E46: 19 | G46: 44783 | H46: 44791 | I46: Infinylink 50 Mbps | J46: 4000000 | K46: 3000000 | O46: =$J46/2 -> 2000000 | P46: =$J46/2 -> 2000000 | Q46: =$J46/2 -> 2000000 | R46: =$J46/2 -> 2000000 | S46: =$J46/2 -> 2000000 | T46: =$J46/2 -> 2000000 | U46: =$J46/2 -> 2000000 | V46: =$J46/2 -> 2000000 | ... Z46: =$J46/2 -> 2000000 | AA46: =SUM(O46:Z46) -> 24000000
A47: 47 | B47: BALI FIBER | C47: PT. DELOITTE CONSULTING | E47: 27 | G47: 44886 | H47: 44890 | I47: Smartlink 50 Mbps | J47: 1300000 | K47: 1000000 | O47: =$J47/2 -> 650000 | P47: =$J47/2 -> 650000 | Q47: =$J47/2 -> 650000 | R47: =$J47/2 -> 650000 | S47: =$J47/2 -> 650000 | T47: =$J47/2 -> 650000 | U47: =$J47/2 -> 650000 | V47: =$J47/2 -> 650000 | ... Z47: =$J47/2 -> 650000 | AA47: =SUM(O47:Z47) -> 7800000
A48: 48 | B48: BALI FIBER | C48: BUMI SANTOSA CEMERLANG PT | E48: 15 | G48: 45075 | H48: 45077 | I48: Smartlink up to 50 Mbps | J48: =900000 -> 900000 | K48: 1000000 | S48: =(((31-31+1)/31)*J48)/2 -> 14516.129 | T48: =$J48/2 -> 450000 | U48: =$J48/2 -> 450000 | V48: =$J48/2 -> 450000 | W48: =$J48/2 -> 450000 | X48: =$J48/2 -> 450000 | Y48: =$J48/2 -> 450000 | Z48: =$J48/2 -> 450000 | AA48: =SUM(O48:Z48) -> 3164516.1
A49: 49 | B49: BALI FIBER | C49: PLUANG EMAS SEJAHTERA PT | E49: 15 | G49: 45075 | H49: 45079 | I49: Smartlink up to 50 Mbps | J49: =900000 -> 900000 | K49: 1000000 | T49: =(((30-2+1)/30)*J49)/2 -> 435000 | U49: =$J49/2 -> 450000 | V49: =$J49/2 -> 450000 | W49: =$J49/2 -> 450000 | X49: =$J49/2 -> 450000 | Y49: =$J49/2 -> 450000 | Z49: =$J49/2 -> 450000 | AA49: =SUM(O49:Z49) -> 3135000
A50: 50 | B50: BALI FIBER | C50: SARANA SANTOSA SEJATI PT | E50: 15 | G50: 45075 | H50: 45079 | I50: Smartlink up to 50 Mbps | J50: =900000 -> 900000 | K50: 1000000 | T50: =(((30-2+1)/30)*J50)/2 -> 435000 | U50: =$J50/2 -> 450000 | V50: =$J50/2 -> 450000 | W50: =$J50/2 -> 450000 | X50: =$J50/2 -> 450000 | Y50: =$J50/2 -> 450000 | Z50: =$J50/2 -> 450000 | AA50: =SUM(O50:Z50) -> 3135000
A51: 51 | B51: BALI FIBER | C51: PG BERJANGKA PT | E51: 15 | G51: 45075 | H51: 45077 | I51: Smartlink up to 50 Mbps | J51: =900000 -> 900000 | K51: 1000000 | S51: =(((31-31+1)/31)*J51)/2 -> 14516.129 | T51: =$J51/2 -> 450000 | U51: =$J51/2 -> 450000 | V51: =$J51/2 -> 450000 | W51: =$J51/2 -> 450000 | X51: =$J51/2 -> 450000 | Y51: =$J51/2 -> 450000 | Z51: =$J51/2 -> 450000 | AA51: =SUM(O51:Z51) -> 3164516.1
A52: 52 | B52: BALI FIBER | C52: INDOSAT PT (DC SUNLIFE THE PLAZA) | E52: 18 | G52: 45111 | I52: 100 Mbps | J52: =12000000 -> 12000000 | K52: =4000000 -> 4000000
A53: 53 | B53: BALI FIBER | C53: KYNDRYL SOLUTIONS INDONESIA PT | E53: 18 | G53: 45113 | I53: 100 Mbps | J53: =7083333 -> 7083333 | K53: =5000000 -> 5000000
A54: 54 | B54: MORATELINDO | C54: KYNDRYL SOLUTIONS INDONESIA PT | E54: 18 | G54: 45124 | H54: HOLD | I54: 100 Mbps | J54: =7000000 -> 7000000 | K54: =5000000 -> 5000000
A55: 55 | B55: MORATELINDO | C55: INDONESIA CHINA MOBILE PT | E55: 43 | G55: 45097 | H55: 45119 | I55: 100 Mbps | J55: =980*15048.5 -> 14747530 | K55: =450*15048.5 -> 6771825 | U55: =(((31-12+1)/31)*J55)/2 -> 4757267.7 | V55: =$J55/2 -> 7373765 | W55: =$J55/2 -> 7373765 | X55: =$J55/2 -> 7373765 | Y55: =$J55/2 -> 7373765 | Z55: =$J55/2 -> 7373765 | AA55: =SUM(O55:Z55) -> 41626093
A56: 56 | B56: BALI FIBER | C56: BADAN IMAGE FUTURE INDONESIA PT (WETV) | E56: 38 | G56: 45173 | I56: Smartlink up to 250 Mbps | J56: =3850000 -> 3850000 | K56: =1500000 -> 1500000
A57: 57 | B57: MORATELINDO | C57: PT LEVERATE SERVICES INDONESIA | E57: 40 | G57: 45182 | I57: 250 Mbps | J57: =25000000 -> 25000000 | K57: 0
A58: 58 | B58: BALI FIBER | C58: DELOITTE ADVIS INDONESIA PT | E58: 30 | G58: 45224 | I58: Smartlink 250 Mbps | J58: =5500000 -> 5500000 | K58: =1500000 -> 1500000
A59: 59
A60: 60
A61: 61 | O61: =SUM(O2:O60) -> 91712500 | P61: =SUM(P2:P60) -> 91712500 | Q61: =SUM(Q2:Q60) -> 91712500 | R61: =SUM(R2:R60) -> 91712500 | S61: =SUM(S2:S60) -> 91277016 | T61: =SUM(T2:T60) -> 91882500 | U61: =SUM(U2:U60) -> 96669768 | V61: =SUM(V2:V60) -> 99286265 | ... Z61: =SUM(Z2:Z60) -> 99286265 | AA61: =SUM(O61:Z61) -> 1.1431106e+09
A62: 62
A63: 63
A64: 64
A65: 65
A66: 66
A67: 67
A68: 68
A69: 69
A70: 70
A71: 71
A72: 72
A73: 73
... A76: 76
O77: =SUM(O48:O61) -> 91712500 | P77: =SUM(P48:P61) -> 91712500 | Q77: =SUM(Q48:Q61) -> 91712500 | R77: =SUM(R48:R61) -> 91712500 | S77: =SUM(S48:S61) -> 91306048 | T77: =SUM(T48:T61) -> 93652500 | U77: =SUM(U48:U61) -> 1.0322704e+08 | V77: =SUM(V48:V61) -> 108460030 | ... AA77: =SUM(AA48:AA61) -> 1.1973357e+09

Sheet PARAMETER
B1: Year 1 | C1: Year 2 | D1: Year 3 | E1: Year 4 | F1: Year 5 | G1: Year 6 | H1: Year 7 | I1: Year 8 | J1: Year 9 | K1: Year 10
A2: loan | B2: =IRR!G9 -> 2.2336416e+08 | C2: =$B$2-$B$4 -> 1.7869133e+08 | D2: =$C$2-$B$4 -> 1.3401849e+08 | E2: =$D$2-$B$4 -> 89345663 | F2: =$E$2-$B$4 -> 44672831 | G2: =$F$2-$B$4 -> 0 | H2: =$G$2-$B$4 -> -44672831 | I2: =$H$2-$B$4 -> -89345663 | J2: =$I$2-$B$4 -> -1.3401849e+08 | K2: =$J$2-$B$4 -> -1.7869133e+08
A3: Period (thn) | B3: 5
A4: Installment/thn | B4: =$B$2/$B$3 -> 44672831
A5: Interest | B5: =(($B$2*IRR!$F$3)*6)/12 -> 11168208 | C5: =AVERAGE(B2:C2)*IRR!$F$3 -> 20102774 | D5: =AVERAGE(C2:D2)*IRR!$F$3 -> 15635491 | E5: =AVERAGE(D2:E2)*IRR!$F$3 -> 11168208 | F5: =AVERAGE(E2:F2)*IRR!$F$3 -> 6700924.7 | G5: =AVERAGE(F2:G2)*IRR!$F$3 -> 2233641.6 | H5: =AVERAGE($G$2:$H$2)*[5]IRR!$G$4 -> -2233641.6 | I5: =AVERAGE($H$2:$I$2)*[5]IRR!$G$4 -> -6700924.7 | J5: =AVERAGE($I$2:$J$2)*[5]IRR!$G$4 -> -11168208 | K5: =AVERAGE($J$2:$K$2)*[5]IRR!$G$4 -> -15635491
F10: person | G10: trip | H10: kamar | I10: Days by Omni | J10: Biaya walktest inhouse/visit | K10: Biaya walktest inhouse/thn
E11: Diisikan | F11: 2 | G11: 1 | H11: 1 | I11: 186
B12: Transport | C12: Pesawat | D12: =C23 -> 3000000 | E12: person | F12: =F11 -> 2 | J12: =F12*D12 -> 6000000
C13: Bandara | D13: 600000 | E13: person | F13: =F11 -> 2 | I13: =IF($I$10<=120,2,IF($I$10>220,4,3)) -> 4 | J13: =D13*F13 -> 1200000
C14: Transport | D14: 200000 | E14: Trip | G14: =G11 -> 1 | J14: =G14*D14 -> 200000
B15: Hotel | C15: Hotel | D15: 450000 | E15: kamar | F15: =F11 -> 2 | H15: =H11 -> 1 | I15: =IF($I$10<=120,2,IF($I$10>220,4,3)) -> 4 | J15: =H15*D15*I15 -> 1800000
B16: Uang Saku | C16: Uang Saku | D16: 120000 | E16: person | F16: =F11 -> 2 | I16: =IF($I$10<=120,2,IF($I$10>220,4,3)) -> 4 | J16: =I16*D16*F16 -> 960000
J17: =SUM(J12:J16) -> 10160000 | K17: =J17*2 -> 20320000
B21: PM/Year/Site | C21: Pesawat | E21: Asumsi:
A22: Sulut | B22: 16800000 | C22: 4000000 | E22: Walktest 4x dalam setahun semua operator sekaligus
A23: Makasar | C23: 3000000 | E23: Walktest pertama oleh vendor | I23: 10000000
A24: Bali | B24: 15600000 | C24: 2500000 | E24: Walktest pertama oleh vendor | H24: Pekanbaru | I24: 12000000
A25: Jatim | B25: 15000000 | C25: 2000000 | E25: Walktest pertama oleh vendor | H25: Sumut | I25: 14000000
A26: Jateng | B26: 15000000 | C26: 1850000 | E26: Walktest pertama oleh vendor | H26: Sulsel | I26: 14000000
A27: Jabar | B27: 12000000 | C27: 1200000 | E27: Walktest pertama oleh vendor | H27: Sulut | I27: 17000000
A28: Kalimantan | B28: 16800000 | C28: 2000000 | E28: Walktest pertama oleh vendor | H28: Kalimantan | I28: 14000000
A29: Sumatera | B29: 15720000 | C29: 3500000
A30: Palembang | C30: 2800000
A31: Jabodetabek | B31: 0 | C31: 0 | D31: Inhouse
B33: CM /Year/Oprt
B34: 7000000
A36: LISTRIK
A37: Listrik/Oprt/year DAS+1Pole 3sektor
A38: 0-100 | B38: 36000000
A39: 101-200 | B39: 42000000
A40: 201- | B40: 48000000
A42: Listrik/Oprt/year DAS+2Pole 6sektor
A43: 0-200 | B43: 75000000
A44: 201- | B44: 95000000
